Unix NetHack Version 5.0.0-0 post-release - last build Jul 19 2026 19:10:59 (3aa4ab31751d3886436d94b585a96704892fd477,branch:main).

Game began 2026-07-26 03:54:25, ended 2026-07-26 04:26:21.

Anwyn, lawful female dwarven Archeologist

                                                                 --------
                                                                 |......|
                                                                 |......|
                                                                 |......|
                                                                 |......|
                                                                 -..e...|
                                                                 |..%...|
                                                    |            ----u---
    --------                                        |.               @
    |......|      ####                              |...           #d#
    |.......    ########                             ....#         G
    |......|     ##    #                                 ####      #
    |......-######     #                                    #      #
    |....<.|           #                                    #   ---.------
    --------           #                                    ##  |.>......|
                       #                                     ###-........|
                       #######################################  |........|
                                                                ----------

Anwyn the Field Worker     St:15 Dx:9 Co:10 In:16 Wi:15 Ch:5  Lawful
Dlvl:6  $:10 HP:0(45) Pw:12(12) AC:6  Xp:4 T:2182  Burdened

Latest messages:
 The pony bites!
 The pony kicks!
 The pony bites!
 You miss the pony.
 The pony kicks!
 The pony bites!
 You hit the pony.
 The pony kicks!
 The pony bites!
 The pony misses!
 The pony bites!
 #
 Are you sure you want to pray? [yn] (n)
 You begin praying to Quetzalcoatl.
 You are surrounded by a shimmering light.
 The pony starts to attack you, but pulls back.
 The pony starts to attack you, but pulls back.
 The pony starts to attack you, but pulls back.
 The pony starts to attack you, but pulls back.
 The pony starts to attack you, but pulls back.
 You finish your prayer.
 You feel that Quetzalcoatl is well-pleased.
 Your pick-axe softly glows with a light blue aura.
 What do you want to use or apply? [bfgjpBGK or ?*]
 L - a brown potion.
 E - a bubbly potion.
 z - a cloudy potion.
 N - a fizzy potion.
 The pony just misses!
 The pony bites!
 Q - a crude dagger (at the ready).
 O - a dagger.
 The dog doesn't seem to move!
 The pony misses!
 The pony bites!
 The pony kicks!
 The pony just misses!
 What do you want to drink? [zELN or ?*]
 Yecch!  This stuff tastes like poison.
 You feel very sick.
 Your movements are slowed slightly because of your load.
 You hear the howling of the CwnAnnwn...
 The pony kicks!
 The pony bites!
 You die...
 Do you want your possessions identified? [ynq] (y)
 Do you want to see your attributes? [ynq] (y)
 Do you want an account of creatures vanquished? [ynaq] (y)
 Do you want to see your conduct and achievements? [ynq] (y)
 Do you want to see the dungeon overview? [ynq] (y)

Inventory:
 Coins    ('$')
  $ - 10 gold pieces
 Weapons  (')')
  O - a +0 dagger
  Q - a +0 orcish dagger (at the ready)
 Armor    ('[')
  o - an uncursed rusty +1 orcish helm (being worn)
  t - an uncursed +0 ring mail (being worn)
 Comestibles  ('%')
  d - 5 uncursed food rations
  q - an uncursed egg
 Scrolls  ('?')
  R - an uncursed scroll of punishment
 Potions  ('!')
  z - an uncursed potion of hallucination
  E - an uncursed potion of object detection
  N - a blessed potion of paralysis
 Wands    ('/')
  K - a wand of make invisible (0:3)
 Tools    ('(')
  b - an uncursed sack containing 7 items
  B - an uncursed leash
  G - a cursed magic lamp
  p - a blessed +0 pick-axe (weapon in right hand)
  f - a tinning kit (0:96)
  j - a cursed towel
 Gems/Stones  ('*')
  g - an uncursed touchstone

Contents of the sack:
  an uncursed cram ration
  an uncursed scroll of enchant armor
  an uncursed scroll of enchant weapon
  a cursed scroll of enchant weapon
  an uncursed scroll of identify
  3 uncursed scrolls of light
  an uncursed tallow candle

Anwyn the Archeologist's attributes:

Background:
 You were a Field Worker, a level 4 female dwarven Archeologist.
 You were lawful, on a mission for Quetzalcoatl
 who was opposed by Camaxtli (neutral) and Huhetotl (chaotic).
 You were right-handed.
 You were in the Gnomish Mines, on level 6.
 You entered the dungeon 2182 turns ago.
 It was nighttime.
 You had 109 experience points, 51 more were needed to attain level 5.

Basics:
 You had 0 out of 45 hit points.
 You had all 12 energy points (spell power).
 Your armor class was 6.
 Your wallet contained 10 zorkmids.
 Autopickup was on for '$"!/?=' plus thrown.

Final Characteristics:
 Your strength was 15 (limit:18/100).
 Your dexterity was 9 (limit:20).
 Your constitution was 10 (peak:16, limit:20).
 Your intelligence was 16 (limit:16).
 Your wisdom was 15 (limit:16).
 Your charisma was 5 (limit:16).

Final Status:
 You weren't hungry.
 You were burdened; movement was slightly slowed.
 You were wielding a pick-axe.
 You had basic skill with pick-axe.

Final Attributes:
 You were piously aligned.
 You had automatic searching.
 You had infravision.
 You were warded.
 You are dead.

Miscellaneous:
 You didn't encounter any bones levels.
 Total elapsed playing time was 31 minutes and 28 seconds.

Major events:
 Turn
    1: Anwyn the lawful female dwarven Archeologist entered the dungeon
  810: entered the Gnomish Mines
 1187: attained the rank of Field Worker (level 3)
 2182: killed by a pony

You didn't know any spells.

Skills:
 Fighting Skills
   bare handed combat [Unskilled]
   two weapon combat  [Unskilled]
   riding             [Unskilled]
 Weapon Skills
   dagger             [Unskilled]
   knife              [Unskilled]
   pick-axe           [Basic]
   short sword        [Unskilled]
   saber              [Unskilled]
   club               [Unskilled]
   quarterstaff       [Unskilled]
   sling              [Unskilled]
   dart               [Unskilled]
   boomerang          [Unskilled]
   whip               [Basic]
   unicorn horn       [Unskilled]
 Spellcasting Skills
   attack spells      [Unskilled]
   healing spells     [Unskilled]
   divination spells  [Unskilled]
   matter spells      [Unskilled]

Voluntary challenges:
 Character rerolling was not enabled.
 You never genocided any monsters.
 You never polymorphed an object.
 You never changed form.
 You used no wishes.
Achievements:
 You entered the Gnomish Mines.
 You entered a shop.
 You attained the rank of Field Worker.

 The Dungeons of Doom: levels 1 to 4
    Level 1:
       Some fountains.
    Level 2: "shop, vault, locked chest"
       A fountain.
    Level 3: "jewellery shop"
       A ring shop.
       Stairs down to The Gnomish Mines.
    Level 4:
 The Gnomish Mines: levels 4 to 6
    Level 4:
    Level 5:
    Level 6: <- You were here.
       Final resting place for
          you, killed by a pony.


Vanquished creatures:
 an imp
  a gnome leader
  a gray ooze
  a floating eye
  a dwarf
  a giant bat
 an iguana
  a hobgoblin
  a giant rat
  9 gnomes
  2 gnome zombies
  6 geckos
  3 jackals
  3 kobolds
  5 goblins
  7 grid bugs
  2 lichens
  5 newts
51 creatures vanquished.

No species were genocided or became extinct.

Game over:
                       ----------
                      /          \
                     /    REST    \
                    /      IN      \
                   /     PEACE      \
                  /                  \
                  |      Anwyn       |
                  |      10 Au       |
                  | killed by a pony |
                  |                  |
                  |                  |
                  |                  |
                  |       2026       |
                 *|     *  *  *      | *
        _________)/\\_//(\/(/\)/\//\/|_)_______

Goodbye Anwyn the Archeologist...

You died in The Gnomish Mines on dungeon level 6 with 705 points,
and 10 pieces of gold, after 2182 moves.
You were level 4 with a maximum of 45 hit points when you died.

